 Dungeon Crawl Stone Soup version 0.26-a0-752-gcff87cac9a (webtiles) character file.

Game seed: 13166222617536032990

15 dickylongcocking the Vexing (level 2, 0/22 HPs)
             Began as a Formicid Arcane Marksman on Nov 6, 2020.
             Slain by a kobold
             ... wielding a +0 club
              (4 damage)
             ... on level 1 of the Dungeon.
             The game lasted 00:00:47 (407 turns).

dickylongcocking the Vexing (FoAM)                   Turns: 407, Time: 00:00:48

Health: 0/22       AC:  2    Str: 14    XL:     2   Next: 65%
Magic:  3/3        EV: 12    Int: 12    God:
Gold:   8          SH:  0    Dex: 11    Spells: 2/3 levels left

rFire    . . .     SeeInvis +   c - +0 hand axe
rCold    . . .     Faith    .   (no shield)
rNeg     . . .     Spirit   .   e - +0 robe
rPois    .         Reflect  .   (helmet unavailable)
rElec    .         Harm     .   (no cloak)
rCorr    .         Rampage  .   (no gloves)
MR       .....                  (no boots)
Stlth    +.........             (no amulet)
HPRegen  0.07/turn              (no ring)
MPRegen  0.08/turn              (no ring)

@: no status effects
A: permanent stasis, dig shafts and tunnels, four strong arms, antennae 3
a: Dig, Shaft Self


You were on level 1 of the Dungeon.
You visited 1 branch of the dungeon, and saw 1 of its levels.

You collected 8 gold pieces.

Inventory:

Hand Weapons
 a - a +0 hand crossbow
 c - a +0 hand axe (weapon)
Missiles
 d - 13 bolts
Armour
 e - a +0 robe (worn)
Scrolls
 f - a scroll of noise {unknown}


   Skills:
 * Level 2.2 Fighting
 * Level 1.1 Axes
 - Level 2.0 Crossbows
 - Level 1.7 Dodging
 - Level 1.1 Spellcasting
 - Level 3.6 Hexes


You had 2 spell levels left.
You knew the following spells:

 Your Spells              Type           Power        Failure   Level
a - Corona                Hex            #......      7%          1

Your spell library contained the following spells:

 Spells                   Type           Power        Failure   Level
 Slow                     Hex            #.......     11%         2
 Inner Flame              Hex/Fire       #.......     38%         3
 Portal Projectile        Hex/Tloc       #.....       38%         3
 Cause Fear               Hex            #.........   56%         4
 Leda's Liquefaction      Hex/Erth       #.........   80%         4


Dungeon Overview and Level Annotations

Branches:
Dungeon (1/15)

Altars:


Innate Abilities, Weirdness & Mutations

You cannot be hasted, slowed, berserked, paralysed or teleported.
You can dig through walls and to a lower floor.
Your four strong arms can wield two-handed weapons with a shield.
You have a pair of large antennae on your head. (SInv)


Message History

* * * LOW HITPOINT WARNING * * *
You miss the bat. The bat barely misses you. The bat closely misses you.
You see here a bolt.
You barely miss the bat. The bat hits you but does no damage.
You hit the bat.
You kill the bat!
You start resting.
A kobold comes into view. It is wielding a +0 club.
A kobold is nearby!
The kobold shouts!
The kobold throws a stone.
The stone closely misses you.
You see here a bolt.
The kobold throws a stone.
The stone hits you but does no damage.
You see here a stone.
The kobold throws a stone.
The stone closely misses you.
The kobold throws a stone.
The stone misses you. The kobold barely misses you.
You completely miss the kobold. The kobold hits you with a +0 club.
You die...

#.# # #.#.#
...#####.#.##
...hh...?...#
.#.#####.#..# { #.#
# # ..######### #.#
.# ##
.....)....###.#..##
.# #.(.†...@K...#
.# #.##((######.#
.# #†##).# ##
#.##..# +#
###)##†(### .#
#...)†...(# .#
#.#######.# .# #.#
#.# .######.#
#.####.#


You could see a kobold.

Vanquished Creatures
  3 bats (D:1)
  2 hobgoblins (D:1)
  5 jackals (D:1)
  A kobold (D:1)
  2 rats (D:1)
13 creatures vanquished.

Notes
Turn   | Place    | Note
-------+----------+-------------------------------------------
     0 | D:1      | dickylongcocking the Formicid Arcane Marksman began the
                  | quest for the Orb.
     0 | D:1      | Reached XP level 1. HP: 15/15 MP: 2/2
   273 | D:1      | Reached XP level 2. HP: 17/22 MP: 3/3
   312 | D:1      | Reached skill level 1 in Axes
   354 | D:1      | HP: 1/22 [hobgoblin/+0 club (5)]
   407 | D:1      | Slain by a kobold

Illustrated notes

Levels and vault maps discovered:
D:1:      noname_arrival_rooms_in_the_neighbourhood, layout_loops_ring,
          minmay_hexomino_p4

Skill      XL: |  1  2 |
---------------+-------+-----
Fighting       | 2 |  2.2
Axes           | 1 |  1.1
Crossbows      | |  2.0
Dodging        | |  1.7
Spellcasting   | |  1.1
Hexes          | |  3.6

Action                   || total
-------------------------++-------
Melee: Hand axe          ||    48
 Fire: Hand crossbow     ||     7
  Use: Potion            ||     1
Armor: Robe              ||    24
Dodge: Dodged            ||    52

Table legend: (Time is in decaauts)
 A = Elapsed time spent in this place.
 B = Non-inter-level travel time spent in this place.
 C = Inter-level travel time spent in this place.
 D = Time resting spent in this place.
 E = Time spent auto-exploring this place.
 F = Levels seen in this place.
 G = Mean time per level.
                   A        B        C        D        E       F      G
               +--------+--------+--------+--------+--------+-----+--------+
         Total |    421 |    421 |      0 |    219 |     63 |   1 |  421.0 |
       Dungeon |    421 |    421 |      0 |    219 |     63 |   1 |  421.0 |
               +--------+--------+--------+--------+--------+-----+--------+

Top non-repeatable levels by time:
     D:1: 421 daAuts
